 Dungeon Crawl Stone Soup version 0.32-a0-41-gec2d92a32c (webtiles) character file.

Game seed: 18149825180829896364

60 porpoise the Slasher (level 3, -2/28 HPs)
             Began as a Demonspawn Gladiator on Jan 26, 2024.
             Slain by a gnoll
             ... wielding a +0 spear
              (5 damage)
             ... on level 3 of the Dungeon.
             The game lasted 00:03:38 (1519 turns).

porpoise the Slasher (Demonspawn Gladiator)         Turns: 1519, Time: 00:03:38

Health: -2/28      AC:  6    Str: 14    XL:     3   Next: 82%
Magic:  3/3        EV: 12    Int:  8    God:
Gold:   85         SH:  0    Dex: 16    Spells: 2/2 levels left

rFire   . . .        a - +0 long sword
rCold   . . .        (no shield)
rNeg    . . .        p - +0 leather armour
rPois   .            c - +0 helmet
rElec   .            (no cloak)
rCorr   .            g - +0 pair of gloves
SInv    .            j - +0 pair of boots
Will    .....        (no amulet)
Stlth   ++           (no ring)
HPRegen 0.24/turn    (no ring)
MPRegen 0.08/turn

%: no passive effects
@: no status effects
A: demonic guardian 1, powered by pain 1
a: no special abilities


You were on level 3 of the Dungeon.
You visited 1 branch of the dungeon, and saw 3 of its levels.

You collected 85 gold pieces.

Inventory:

Hand Weapons
 a - a +0 long sword (weapon)
 b - a +0 sling
Missiles
 d - 3 throwing nets (quivered)
 e - 3 javelins
 l - 2 poisoned darts
Armour
 c - a +0 helmet (worn)
 g - a +0 pair of gloves (worn)
 j - a +0 pair of boots (worn)
 p - a +0 leather armour (worn)
Jewellery
 q - a ring of willpower
 s - a ring of flight
Scrolls
 f - a scroll of immolation
 h - 2 scrolls of identify {unknown}
 i - a scroll of brand weapon {unknown}
 m - a scroll of revelation {unknown}
 o - a scroll of amnesia {unknown}
Potions
 k - a potion of curing {unknown}
 n - a potion of degeneration {unknown}
 r - a potion of heal wounds {unknown}


   Skills:
 + Level 2.6 Fighting
 * Level 3.6 Long Blades
 - Level 1.7 Throwing
 - Level 2.6 Dodging
 + Level 1.5 Stealth


You had 2 spell levels left.
You didn't know any spells.
Your spell library contained the following spells:

 Spells                   Type           Power      Damage    Failure   Level
 Apportation              Tloc           0%         N/A       50%         1
 Necrotise                Necr           0%         1d4       50%         1
 Sting                    Conj/Alch      0%         1d3       50%         1
 Summon Small Mammal      Summ           0%         N/A       50%         1


Dungeon Overview and Level Annotations

Branches:
Dungeon (3/15)

Altars:


Innate Abilities, Weirdness & Mutations

A weak demonic guardian rushes to your aid.
You sometimes gain a little power by taking damage.


Message History

You shoot a sling bullet. The sling bullet hits the gnoll.
The gnoll is heavily wounded.
You shoot a sling bullet.
The sling bullet barely misses the gnoll.
The gnoll barely misses you. The gnoll closely misses you.
You shoot a sling bullet.
The sling bullet barely misses the gnoll.
The gnoll barely misses you. The gnoll hits you but does no damage.
You shoot a sling bullet. The sling bullet hits the gnoll.
The gnoll is severely wounded.
The gnoll hits you from afar with a +0 spear.
The gnoll hits you with a +0 flail!
A demonic guardian appears!
The gnoll hits you but does no damage. The gnoll barely misses you.
The gnoll hits your quasit with a +0 club.
a - a +0 long sword (weapon)
You slash the gnoll!
You kill the gnoll!
Your quasit closely misses the gnoll.
Your quasit claws the gnoll but does no damage.
Your quasit barely misses the gnoll.
The gnoll hits you but does no damage. The gnoll closely misses your quasit.
Your quasit bites the gnoll but does no damage.
Your quasit claws the gnoll.
Your quasit claws the gnoll but does no damage.
You swap places.
The gnoll hits you with a +0 spear. The gnoll hits you with a +0 club.
You are too injured to fight recklessly!
You are too injured to fight recklessly!
Unknown command.
You hit the gnoll but do no damage.
The gnoll is lightly wounded.
Your quasit barely misses the gnoll.
Your quasit closely misses the gnoll.
Your quasit barely misses the gnoll.
The gnoll barely misses you. The gnoll hits you with a +0 club.
Your quasit bites the gnoll.
Your quasit closely misses the gnoll.
Your quasit claws the gnoll but does no damage.
The gnoll hits you with a +0 club!
* * * LOW HITPOINT WARNING * * *
A demonic guardian appears!
The gnoll hits you with a +0 spear.
You die...

.##.# #.# .#... #.# #.#
.#..# #.# .#.## (...#
#.# .....
†##.#########.# ....#
..............####...?#
..#..................
..######.#.....)5#.####.
.........#.#....@g$?....
#.######.#)#...#5g######
..# #.#.#.###..# ###
#.#.... #..# #.#.#)#
#..# #...#)# #..# ### #.
#..# #.>#


You could see 2 gnolls, a friendly quasit (summoned) and a friendly shadow imp
(summoned).

Vanquished Creatures
  A gnoll (D:3)
  An adder (D:2)
  A dart slug (D:2)
  6 ball pythons
  2 endoplasms
  2 giant cockroaches (D:1)
  A goblin (D:1)
  4 hobgoblins
  2 jackals (D:1)
  6 bats
  4 frilled lizards
  4 kobolds
  6 rats (D:1)
40 creatures vanquished.

Vanquished Creatures (collateral kills)
  A frilled lizard (D:1)
1 creature vanquished.

Grand Total: 41 creatures vanquished

Notes
Turn   | Place    | Note
-------+----------+-------------------------------------------
     0 | D:1      | porpoise the Demonspawn Gladiator began the quest for the
                  | Orb.
     0 | D:1      | Reached XP level 1. HP: 16/16 MP: 1/1
   108 | D:1      | Found a faded altar of an unknown god.
   205 | D:1      | Reached skill level 3 in Long Blades
   236 | D:1      | Gained mutation: A weak demonic guardian rushes to your
                  | aid. [demonic ancestry]
   236 | D:1      | Reached XP level 2. HP: 13/22 MP: 2/2
   560 | D:1      | Reached skill level 1 in Stealth
   638 | D:1      | You fall into a shaft and drop 1 floor!
   654 | D:2      | Gained mutation: You sometimes gain a little power by
                  | taking damage. [demonic ancestry]
   654 | D:2      | Reached XP level 3. HP: 28/28 MP: 3/3
  1519 | D:3      | Slain by a gnoll

Illustrated notes

Levels and vault maps discovered:
D:1:      roderic_crossed_star, layout_basic, hellmonk_ecumenical_altar_blasted
D:2:      layout_basic, lightli_corner_chamber
D:3:      layout_basic

Skill      XL: |  1  2 |
---------------+-------+-----
Long Blades    | 3 |  3.6
Stealth        | 1 |  1.5
Fighting       | |  2.6
Throwing       | |  1.7
Dodging        | |  2.6

Action                     || total
---------------------------++-------
  Melee: Long sword        ||    85
   Fire: Sling             ||    40
 Armour: Leather armour    ||    65
  Dodge: Dodged            ||    70

Table legend: (Time is in decaauts)
 A = Elapsed time spent in this place.
 B = Non-inter-level travel time spent in this place.
 C = Inter-level travel time spent in this place.
 D = Time resting spent in this place.
 E = Time spent auto-exploring this place.
 F = Levels seen in this place.
 G = Mean time per level.
                   A        B        C        D        E       F      G
               +--------+--------+--------+--------+--------+-----+--------+
         Total |   1554 |   1399 |    155 |    159 |    920 |   3 |  518.0 |
       Dungeon |   1554 |   1399 |    155 |    159 |    920 |   3 |  518.0 |
               +--------+--------+--------+--------+--------+-----+--------+

Top non-repeatable levels by time:
     D:2: 841 daAuts
     D:1: 654 daAuts
     D:3: 58 daAuts
